← All builds
Tech / Armada / Economy first / OBSERVED BUILD

Standard tech

Armada Tech (Eco) build order · Supreme Isthmus

Rushes T2 by 4:15, gets Advanced Metal Extractor around 5:28, hands off T2 constructors to Geo and the team, then scales eco and supplies the team's T2 needs through the rest of the game.

Usually first T2 con to Geo (83%)

#eco #t2 #team support · 1574 distinct matches · 255 players · 58% of Armada Tech games · team won 53% of 1868 · Recently observed

HOW TO PLAY IT

Key timing: T2 factory by 4:15

  1. Open 3 mex and heavy wind to fund a fast T2 rush.
  2. Put down Bot Lab, planning to eat it for reclaim soon after.
  3. Get Advanced Bot Lab up, hitting the T2 factory rush timing.
  4. Upgrade mex to Advanced Metal Extractor to lock in team metal income.
  5. Eat Advanced Bot Lab and keep sending cons to Geo and Pond.

Phase by phase

TYPICAL OF ITS 1574 GAMES
  1. 1
  2. 2
  3. 3
  4. 4
PLAY THE OPENING

Follow the example game's first 6:00 step by step: what to build now, what comes next, and where it goes. At 1× it keeps pace with your own game.

  1. 1

    Up to the Bot Lab

    Economy
    • Metal Extractor3Mex
    • Wind Turbine4Wind
    Order
    1. Bot LabBot Lab after 3 mex, 4 winddone ~1:18, middle half 1:13–1:32

    Some games also: energy storage (31%)

    By 1:01 in all: 3 mex · 4 wind

    The example game in this phase · 3 steps
    1. Mex ×3
    2. Wind ×4
    3. Bot LabBot Labdone 1:16 · typical 1:18
  2. 2

    Bot Lab to Advanced Bot Lab

    Economy
    • Metal Extractor1Mex
    • Wind Turbine8Wind
    • Energy Storage1Energy storage
    Order
    1. Advanced Bot LabAdvanced Bot Lab after 4 mex, 12 wind, 3 con turretdone ~4:16, middle half 4:04–4:30
    Builders
    • Construction Turret3 Con turret
    • Lazarus3 Lazarus
    • Construction Bot2 Con bot
    • Construction Bot1 Con bot for allies

    Some games also: converter (36%)

    By 3:18 in all: 4 mex · 12 wind · 1 energy storage · 3 con turret

    The example game in this phase · 19 steps
    1. LazarusLazarusfor Beach sea
    2. Wind ×2
    3. Construction BotCon bot
    4. Wind ×4
    5. Construction BotCon botfor Air
    6. LazarusLazarus
    7. LazarusLazarusfor Beach sea
    8. Mex
    9. LazarusLazarusfor Beach sea
    10. LazarusLazarus
    11. Wind ×2
    12. LazarusLazarus
    13. Wind ×2
    14. Energy storage
    15. Con turret
    16. Construction BotCon bot
    17. Con turret
    18. Converter
    19. Advanced Bot LabAdvanced Bot Labdone 5:04 · typical 4:16
  3. 3

    Advanced Bot Lab to 5:00

    Economy
    • Wind Turbine3Wind
    Order
    1. Bot LabEat Bot Lab
    Builders
    • Advanced Construction Bot1 T2 con bot for allies

    Some games also: converter (35%)

    By 5:00 in all: 4 mex · 15 wind · 1 converter · 1 energy storage · 3 con turret

    The example game in this phase · 2 steps
    1. Bot LabEat Bot Labreclaimed for its metal
    2. Converter
  4. 4

    5:00 to 10:00

    Economy
    • Wind Turbine43Wind
    • Energy Converter6Converter
    Builders
    • Butler9 Butler
    • Advanced Construction Bot4 T2 con bot for allies
    • Advanced Construction Bot1 T2 con bot

    Some games also: con turret (43%) · Butler for allies (37%)

    By 10:00 in all: 4 mex · 58 wind · 8 converter · 1 energy storage · 3 con turret

    The example game in this phase · 153 steps
    1. Advanced Construction BotT2 con botfor Geo
    2. Advanced Metal ExtractorT2 mexdone 5:52 · typical 5:29
    3. Advanced Construction BotT2 con botfor Air
    4. Wind ×4
    5. Advanced Construction BotT2 con botfor Geo sea
    6. Wind ×4
    7. Advanced Construction BotT2 con botfor Pond
    8. Converter
    9. Advanced Metal ExtractorT2 mex
    10. ButlerButler
    11. Advanced Metal ExtractorT2 mex ×2
    12. ButlerButler ×2
    13. Advanced Construction BotT2 con botfor Suicide front
    14. ButlerButler ×2
    15. ButlerButlerfor Geo sea
    16. Wind
    17. ButlerButlerfor Geo sea
    18. Wind
    19. ButlerButler
    20. SprinterSprinter
    21. Wind
    22. SprinterSprinter
    23. Wind
    24. SprinterSprinter
    25. Wind
    26. SprinterSprinter
    27. Wind
    28. Advanced Construction BotT2 con botfor Geo sea
    29. Wind ×5
    30. Advanced Construction BotT2 con botfor Beach sea
    31. Wind ×4
    32. ButlerButlerfor Beach sea
    33. Wind
    34. ButlerButlerfor Beach sea
    35. Wind
    36. ButlerButler
    37. Wind ×2
    38. ButlerButler
    39. Wind
    40. ButlerButler
    41. Wind ×3
    42. ButlerButler
    43. Wind
    44. ButlerButler
    45. Wind
    46. Converter
    47. ButlerButler
    48. Wind
    49. Converter
    50. ButlerButler
    51. Wind ×2
    52. ButlerButler
    53. Converter
    54. Wind ×2
    55. Converter
    56. ButlerButler
    57. Wind
    58. ButlerButler
    59. Wind
    60. Converter
    61. Wind ×2
    62. ButlerButler
    63. Wind
    64. Converter
    65. Wind
    66. ButlerButler
    67. Wind ×2
    68. Converter
    69. ButlerButler
    70. Wind ×4
    71. Converter
    72. Wind
    73. ButlerButler
    74. Wind ×2
    75. Converter
    76. Wind
    77. ButlerButler
    78. Wind ×3
    79. Converter
    80. Advanced Construction BotT2 con bot
    81. Wind ×4
    82. Converter
    83. Wind
    84. UmbrellaAnti-nukedone 13:41
    85. Wind
    86. Converter
    87. Wind ×3
    88. Converter
    89. Wind ×3
    90. Converter
    91. Wind
    92. Converter
    93. Wind ×2
    94. Converter
    95. Aircraft PlantAircraft Plantdone 14:21
    96. Wind
    97. Converter
    98. Wind ×3
    99. Converter
    100. Wind
    101. Converter
    102. Wind
    103. Converter
    104. Wind ×3
    105. Converter ×2
    106. Wind ×4
    107. Converter ×2
    108. Con turret
    109. Wind ×5
    110. Converter ×2
    111. Wind ×4
    112. Con turret
    113. Converter
    114. Wind
    115. Converter
    116. Wind ×5
    117. Converter ×2
    118. Con turret
    119. Wind ×4
    120. Converter
    121. Con turret
    122. Wind
    123. Converter
    124. Wind ×3
    125. Converter
    126. Con turret
    127. Converter
    128. Wind ×2
    129. WhirlwindWhirlwind
    130. Converter
    131. Wind
    132. Converter
    133. Wind ×2
    134. WhirlwindWhirlwind
    135. Wind ×2
    136. Converter ×2
    137. Wind ×2
    138. WhirlwindWhirlwind
    139. Wind ×2
    140. Con turret
    141. Converter ×2
    142. WhirlwindWhirlwind
    143. Wind ×3
    144. WhirlwindWhirlwind
    145. Wind ×2
    146. Converter
    147. SprinterSprinter
    148. Converter
    149. Wind ×2
    150. SprinterSprinter
    151. Converter
    152. Wind
    153. Converter

Counts are medians over the build's games: half of them build more, half fewer. The example game is SK0NK's (31 OS, 14/08/2026); pick another.

Team trades

IN AT LEAST 30% OF ITS GAMES

You hand over

  • Construction Bot1 Con bot to Airfirst at 2:24 · in 84% of games
  • Advanced Construction Bot5 T2 con bot to Air or Geo sea or Pondfirst at 4:50 · in 99% of games
  • Butler2 Butler to Geo sea or Beach sea or Pondfirst at 9:07 · in 42% of games

You get

  • Hercules1 Light transport from Airfirst at 4:01 · in 86% of games

How it plays out

Typical game of this build, running totals by minute

Metal produced

020k40k
0:005:0010:0015:00

metal

Enemy metal destroyed

050100
0:005:0010:0015:00

metal

Own metal lost

050100150
0:005:0010:0015:00

metal

1868 games.

Show as table
ByMetal produced: This buildEnemy metal destroyed: This buildOwn metal lost: This build
1:0038300
2:0091500
3:00165100
4:00314300
5:00484800
6:00580000
7:00722700
8:00906100
9:001116900
10:001350200
11:001623900
12:001965200
13:002344100
14:0027357074
15:003153885130
WHAT THE NUMBERS SAY

Standard Tech play barely fights at all early, instead pouring metal into T2 infrastructure and constructors for the team.

  • + Metal produced hits 31679 by 15:00, by far the highest of any role here.
  • + T2 factory reached in 97% of games by 4:15, fastest and most reliable T2 timing.
  • − Enemy metal destroyed stays at 0 through 10:00, no early offense at all.
  • − Own metal lost also near 0, showing total avoidance of combat risk.
THE EXAMPLE YOU ARE READING

SK0NK

31.3 OS · 14/08/2026

Open source match ↗

3 received units · includes a constructor
501 metal received · 73618 energy received

Allied construction assistance is unknown. Timings are observations, not a promise of solo reproducibility.

Typical milestones

Bot Lab1:18Middle 50%: 1:13–1:32 · n=1868
Advanced Bot Lab4:16Middle 50%: 4:04–4:30 · n=1861
Advanced Metal Extractor5:29Middle 50%: 5:06–5:59 · n=1864

Played most by

Amrissa93games of this buildTheGeneraI66games of this buildAdeus57games of this buildEl_Turco56games of this buildKOT_43games of this build